 Dungeon Crawl Stone Soup version 0.30-a0-620-g0e44632947 (webtiles) character file.

Game seed: 7963667157906424421

44 KristoblXynda the Slasher (level 3, -3/33 HPs)
             Began as a Draconian Monk on Jan 10, 2023.
             Killed by nerve-wracking pain
             ... invoked by an orc priest
              (8 damage)
             ... on level 2 of the Dungeon.
             The game lasted 00:01:13 (1058 turns).

KristoblXynda the Slasher (Draconian Monk)          Turns: 1058, Time: 00:01:14

Health: -3/33      AC:  5    Str: 15    XL:     3   Next: 41%
Magic:  3/3        EV: 12    Int: 10    God:
Gold:   47         SH:  0    Dex: 13    Spells: 2/2 levels left

rFire   . . .      SeeInvis .    a - +0 falchion
rCold   . . .      Faith    .    (no shield)
rNeg    . . .      Spirit   .    (body armour unavailable)
rPois   .          Reflect  .    (helmet restricted)
rElec   .          Harm     .    (no cloak)
rCorr   .          Rampage  .    (no gloves)
Will    .....                    (no boots)
Stlth   +                        (no amulet)
HPRegen 0.25/turn                (no ring)
MPRegen 0.08/turn                (no ring)

@: confused, ambrosia-drunk
A: AC +5, unfitting armour, cold-blooded
a: no special abilities


You were on level 2 of the Dungeon.
You visited 1 branch of the dungeon, and saw 2 of its levels.

You collected 47 gold pieces.

Inventory:

Hand Weapons
 a - a +0 falchion (weapon)
Scrolls
 d - a scroll of enchant armour {unknown}
 e - a scroll of blinking {unknown}
 h - a scroll of vulnerability {unknown}
 j - a scroll of poison {unknown}
Potions
 c - a potion of might {unknown}
 g - a potion of haste {unknown}
 i - a potion of attraction {unknown}


   Skills:
 + Level 3.7 Fighting
 * Level 3.8 Long Blades
 + Level 3.0 Dodging
 - Level 1.7 Stealth


You had 2 spell levels left.
You didn't know any spells.
Your spell library contained the following spells:

 Spells                   Type           Power      Damage    Failure   Level
 Frozen Ramparts          Ice            0%         1d1       75%         3
 Ice Form                 Ice/Tmut       0%         N/A       98%         4
 Summon Ice Beast         Ice/Summ       0%         N/A       98%         4


Dungeon Overview and Level Annotations

Branches:
Dungeon (2/15)

Altars:


Innate Abilities, Weirdness & Mutations

Your plain brown scales are hard. (AC +5)
You cannot fit into any form of body armour.
You are cold-blooded and may be slowed by cold attacks.


Message History

It is a scroll of identify.
f - 2 potions of curing The orc hits you but does no damage.
You feel better.
You hit the orc.
You tail-slap the orc, but do no damage.
The orc is heavily wounded.
The orc hits you with a +0 club. The orc barely misses you. The orc misses you.
The orc closely misses you.
You hit the orc.
You kill the orc!
You closely miss the orc.
The orc is heavily wounded.
The orc hits you with a +0 war axe.
You slash the orc!
You kill the orc!
The orc priest mumbles some strange prayers to Beogh against you.
Beogh smites you!
* * * LOW HITPOINT WARNING * * *
The orc priest begins to cast a cantrip, but forgets the words!
Things that are here:
a +0 war axe; an orc corpse You feel better.
The orc priest hits you but does no damage.
You hit the orc priest but do no damage.
The orc priest completely misses you.
You hit the orc priest.
Your tail-slap misses the orc priest.
The orc priest is lightly wounded.
The orc priest invokes the aid of Beogh against you.
Beogh smites you!
* * * LOW HITPOINT WARNING * * *
You hit the orc priest.
You tail-slap the orc priest, but do no damage.
The orc priest is heavily wounded.
The orc priest closely misses you.
You are confused.
You feel invigorated.
The orc priest calls down the wrath of Beogh upon you.
Pain shoots through your body!
You die...

### ####.# .....# ####.#
#.# #.#
####.##############
..................#######
...............)@........
####.##########o#########
.# #.#########...oo......
.###............###.....#
..############..# ###.#
..###.... #..# ........##
..... ..#...... .$.....
..#.#.#.# ###.#####


You could see an orc priest.

Vanquished Creatures
  2 dart slugs (D:1)
  2 orcs (D:2)
  7 ball pythons (D:1)
  5 endoplasms
  4 giant cockroaches (D:1)
  2 goblins (D:1)
  3 hobgoblins (D:2)
  A quokka (D:1)
  2 bats (D:1)
  4 kobolds
  5 rats (D:1)
37 creatures vanquished.

Notes
Turn   | Place    | Note
-------+----------+-------------------------------------------
     0 | D:1      | KristoblXynda the Draconian Monk began the quest for the
                  | Orb.
     0 | D:1      | Reached XP level 1. HP: 19/19 MP: 1/1
   234 | D:1      | Reached XP level 2. HP: 25/26 MP: 2/2
   640 | D:1      | Reached XP level 3. HP: 30/31 MP: 3/3
  1056 | D:2      | HP: 1/33 [orc priest/divine providence (14)]
  1058 | D:2      | Killed from afar by an orc priest

Illustrated notes

Levels and vault maps discovered:
D:1:      minmay_arrival_stone_box, layout_loops_ring
D:2:      layout_basic, uniq_jessica

Skill      XL: |  1  2 |
---------------+-------+-----
Dodging        | 3 |  3.0
Fighting       | |  3.7
Long Blades    | |  3.8
Stealth        | |  1.7

Action                   || total
-------------------------++-------
Melee: Falchion          ||   102
       Punch             ||     2
       Tailslap          ||     6
  Use: Potion            ||     3
       Scroll            ||     1
 Stab: Sleeping          ||     5
Armor: Skin              ||    23
Dodge: Dodged            ||    83

Table legend: (Time is in decaauts)
 A = Elapsed time spent in this place.
 B = Non-inter-level travel time spent in this place.
 C = Inter-level travel time spent in this place.
 D = Time resting spent in this place.
 E = Time spent auto-exploring this place.
 F = Levels seen in this place.
 G = Mean time per level.
                   A        B        C        D        E       F      G
               +--------+--------+--------+--------+--------+-----+--------+
         Total |   1077 |   1055 |     22 |      0 |    796 |   2 |  538.5 |
       Dungeon |   1077 |   1055 |     22 |      0 |    796 |   2 |  538.5 |
               +--------+--------+--------+--------+--------+-----+--------+

Top non-repeatable levels by time:
     D:1: 836 daAuts
     D:2: 241 daAuts
